cohdb
Replays
Latest Replays
All Replays
Popular Replays
Top Player Replays
Match Explorer
How It Works
Community
CoH3 Stats
Reddit
Sign in to upload your games and track your stats! →
Sign in with Steam
Match 41831586
Unlisted
Match 41831586
Overview
Messages
Build Orders
End
Selects Italian Combined Arms Battlegroup
Selects Bersaglieri Squad
Bersaglieri Squad
Kradschützen Motorcycle Team
Bersaglieri Squad
Construct Light Support Kompanie
Selects Bersaglieri Bolster
Bersaglieri Squad
Panzerjäger Squad
Panzerjäger Mechanized Group
Selects Breda Model 30 Light Machine Guns
Construct Mechanized Kompanie
Construct Panzerarmee Kommand
Selects Semovente da 75/18 Assault Gun
Null
Seth299
0
0
Comments
sign in to comment!
No comments posted yet!